 Dungeon Crawl Stone Soup version 0.30-b1-2-g02819fbbbe (webtiles) character file.

Game seed: 2116500607747118445

310644 LLlMATKO the Executioner (level 20, -3/202 HPs)
             Began as a Minotaur Berserker on June 22, 2023.
             Was a High Priest of Trog.
             Slain by a +0 dire flail of protection (16 damage)
             ... animated by Zenata
             ... on level 3 of the Elven Halls on June 23, 2023.
             The game lasted 00:52:51 (45935 turns).

LLlMATKO the Executioner (Minotaur Berserker)      Turns: 45935, Time: 00:52:52

Health: -3/202     AC: 33    Str: 25      XL:     20   Next: 74%
Magic:  19/19      EV: 16    Int:  3 (4)  God:    Trog [*****.]
Gold:   3369       SH: 25    Dex: 10 (11) Spells: 19/19 levels left

rFire   + + .        H - +2 war axe "Yguuf" {heavy, rF++ rN+ Str-3 Stlth+}
rCold   + . .        k - +0 tower shield {rPois}
rNeg    + + .        U - +18 Lear's hauberk
rPois   +            (helmet currently unavailable)
rElec   .            A - scarf {repulsion}
rCorr   +            (gloves currently unavailable)
SInv    .            (boots currently unavailable)
Will    +++..        Z - amulet of reflection Stlth
                     z - ring of flight
HPRegen 1.53/turn    P - ring "Meoge" {rC+ rN+ rCorr Dex-2}
MPRegen 0.16/turn

%: repel missiles, reflection
@: lethally poisoned (-3 -> -3), about to teleport, strong-willed, on berserk
cooldown, flying, regenerating, slowed, studying Long Blades, very slow
A: horns 2, retaliatory headbutt, deterioration 1
}: 1/15 runes: decaying
a: Renounce Religion, Berserk, Trog's Hand, Brothers in Arms


You were on level 3 of the Elven Halls.
You worshipped Trog.
Trog was extremely pleased with you.
You visited 6 branches of the dungeon, and saw 33 of its levels.
You visited the Abyss 1 time.
You also visited: Gauntlet and Desolation.

You collected 3369 gold pieces.

Inventory:

Hand Weapons
 i - a +3 broad axe of flaming
 H - the +2 war axe "Yguuf" (weapon) {heavy, rF++ rN+ Str-3 Stlth+}
   (Trog gifted it to you in the Desolation of Salt)

   Str:       It affects your strength (-3).
   rF:        It greatly protects you from fire.
   rN:        It protects you from negative energy.
   Stlth:     It makes you more stealthy.
 K - a +2 hand axe of flaming
Missiles
 b - 4 throwing nets
 u - 20 curare-tipped darts
 v - 34 poisoned darts
 w - 5 atropa-tipped darts
 I - a silver boomerang (quivered)
 M - 25 boomerangs
 Y - 5 silver javelins
Armour
 k - a +0 tower shield of poison resistance (worn)
 A - a scarf of repulsion (worn)
 U - the +18 Lear's hauberk (worn)
   (You acquired it on level 11 of the Dungeon)
 X - the +0 pair of gloves of the Snake Pit {Rampage +Blink Will+}
   (You found it in the Desolation of Salt)

   +Blink:    It lets you blink.
   Rampage:   It bestows one free step when moving towards enemies.
   Will:      It increases your willpower.
Jewellery
 h - a ring of see invisible
 j - the amulet of Vitality {RegenMP++ Regen++}
   (You found it in a Gauntlet)

   [amulet of magic regeneration]

   It increases your rate of magic regeneration.
   Regen:     It increases your rate of health regeneration.
 m - an amulet of faith
 p - a ring of protection from cold
 z - a ring of flight (left hand)
 F - a ring of fire
 P - the ring "Meoge" (right hand) {rC+ rN+ rCorr Dex-2}
   (You found it in the Desolation of Salt)

   [ring of resist corrosion]

   Dex:       It affects your dexterity (-2).
   rC:        It protects you from cold.
   rN:        It protects you from negative energy.
   rCorr:     It protects you from acid and corrosion.
 V - an amulet of regeneration
 W - a +5 ring of evasion
 Z - an amulet of reflection (around neck)
Wands
 q - a wand of flame (86)
 y - a wand of polymorph (35)
 C - a wand of roots (58)
 E - a wand of digging (18)
 G - a wand of quicksilver (8)
 Q - a wand of charming (71)
 S - a wand of mindburst (7)
Scrolls
 d - 4 scrolls of blinking
 e - 13 scrolls of identify
 s - 8 scrolls of teleportation
 t - 2 scrolls of summoning
 x - 4 scrolls of fog
 B - a scroll of enchant weapon
 J - 5 scrolls of enchant armour
 N - 4 scrolls of fear
 O - 2 scrolls of magic mapping
 T - 3 scrolls of brand weapon
Potions
 a - 5 potions of magic
 c - 6 potions of flight
 f - 21 potions of curing
 g - 6 potions of haste
 l - 5 potions of cancellation
 n - 2 potions of invisibility
 o - 2 potions of resistance
 r - 3 potions of ambrosia
 D - 7 potions of heal wounds
 L - 6 potions of might


   Skills:
 + Level 22.7 Fighting
 + Level 26.7 Axes
 + Level 20.8 Armour
 + Level 23.3 Dodging
 + Level 20.1 Shields


You had 19 spell levels left.
You didn't know any spells.
Your spell library was empty.

Dungeon Overview and Level Annotations

Branches:
Dungeon (15/15)            Temple (0/1) D:7            Lair (5/5) D:10
  Swamp (4/4) Lair:2        Snake (0/4) Lair:2        Slime (0/5) Lair:5
    Orc (2/2) D:9             Elf (3/3) Orc:2        Vaults (4/5) D:14
  Crypt (0/3) Vaults:2     Depths (0/4) D:15        Desolation (visited)
Gauntlet (visited)

Altars:
Nemelex Xobeh
Sif Muna
The Shining One
Jiyva

Shops:
D:5 :!!(:   D:8 *   Orc:2 =*[(   Elf:2 **   Vaults:1 [*

Annotations:
D:7 2 transporters, EnegeticOcto's ghost, novice MiFi
Elf:3 Zenata


Innate Abilities, Weirdness & Mutations

You have a pair of horns on your head.
You reflexively headbutt those who attack you in melee.
Your body sometimes deteriorates upon taking damage.


Message History

You slice the +0 flail of venom!!
The +0 flail of venom is severely damaged.
You feel very sick.
The +2 glaive of venom disappears in a puff of smoke!
The +2 trident of venom disappears in a puff of smoke!
You block the +0 flail of venom's attack. x2
The +0 flail of venom hits you but does no damage.
You are more poisoned.
The +0 flail of venom hits you but does no damage.
You slash the +0 flail of venom!
You destroy the +0 flail of venom!
The +0 flail of venom disappears in a puff of smoke!
* * * LOW HITPOINT WARNING * * *
You feel very sick.
You block the +0 heavy hand axe's attack. x2
Unknown command.
Okay, then.
You feel much better.
You feel very sick.
You block the +0 heavy hand axe's attack.
The +0 heavy hand axe closely misses you.
You furiously retaliate!
You headbutt the +0 heavy hand axe!
Zenata gestures, and weapons take to the air!
You block the +0 heavy hand axe's attack.
As you read the scroll of teleportation, it crumbles to dust.
You feel strangely unstable.
You feel sick.
The +0 heavy hand axe disappears in a puff of smoke!
You block the +0 dire flail of protection's attack. x2
The +0 dire flail of protection hits you!
* * * LOW HITPOINT WARNING * * *
You feel sick.
You block the +0 dire flail of protection's attack.
The +0 dire flail of protection hits you but does no damage.
Unknown command.
The +0 dire flail of protection attacks as you move away!
You block the +0 dire flail of protection's attack.
You feel sick.
You block the +0 dire flail of protection's attack.
The +0 dire flail of protection hits you!
You die...

,,,,*~~~*#...#.#######.#...###*,,
,,,,*~~**#....................+,,
,,,,**** #...#.###.........###*,,
^,,,,* #..##.# #........##****,
,,.,** #.....# #........# *,,,,
,,..** #.##### #.....#####*++#.
*,...** #.# #.....'...#,E.#.
*,....** #.#######.##..'...#E..#.
,,.....**#(((a.(@..#####..)#EE.#*
,,....(.##.######### #########
,,......((.# **#EE,*,,,**
,,....a.#### *,+E..*,,,+,
,,.....,* *,+...#,,,+, ,,....,,*
*,#####****, ,,...,,,*
*,...#**,,,, *,..,,***
*,..,,,,,*** **#,*** **********


You could see Zenata and 4 dancing weapons.

Vanquished Creatures
  An ancient lich (Abyss:3)
  Boris (twice) (Vaults:3 Vaults:4)
  Frederick (Vaults:2)
  Saint Roka (Vaults:1)
  Xtahua (Vaults:2)
  A bone dragon (Vaults:2)
  3 tentacled monstrosities (Swamp:4)
  A lich (Abyss:3)
  A deep elf blademaster (Elf:2)
  3 sphinxes
  A tengu reaver (Vaults:3)
  4 fenstrider witches (Swamp:4)
  A fire giant (Vaults:3)
  A frost giant (Vaults:4)
  2 deep elf sorcerers
  4 orc warlords
  8 vault wardens
  3 imperial myrmidons (Desolation)
  A ghoul (Swamp:4)
  Louise (D:14)
  11 ironbound preservers
  A reaper (Swamp:4)
  A stone giant (Vaults:3)
  2 war gargoyles (Vaults:2)
  17 very ugly things
  6 ironbound thunderhulks
  7 eleionomae
  4 bunyips
  A minotaur (Gauntlet)
  3 dire elephants (Vaults:3)
  A blizzard demon (Swamp:4)
  A shambling mangrove (Swamp:4)
  3 crystal guardians
  An entropy weaver (Vaults:4)
  A fire dragon (D:15)
  An ettin (Vaults:3)
  11 ragged hierophants (Desolation)
  6 great orbs of eyes
  7 servants of whispers (Desolation)
  7 hydras
  6 vault guards
  10 yaktaur captains
  A merfolk avatar (Lair:5)
  4 ghost crabs
  9 peacekeepers
  8 ironbound frosthearts
  5 boulder beetles
  3 ogre magi
  9 alligators
  10 centaur warriors
  2 catoblepae
  An alligator (shapeshifter) (Elf:1)
  3 tengu warriors (D:15)
  12 two-headed ogres
  19 dancing weapons
  An orc high priest (Orc:2)
  8 spriggans
  2 soul eaters (Swamp:4)
  16 deep elf knights
  3 wretched stars (Abyss:3)
  A fire crab (D:9)
  A shadow wraith (Abyss:3)
  2 skysharks (Lair:5)
  4 goliath frogs
  A glowing orange brain (shapeshifter) (Vaults:1)
  2 sixfirhies
  2 sea snakes (Lair:5)
  14 ironbound convokers
  3 swamp dragons
  An orange crystal statue (Vaults:4)
  4 spriggan druids
  42 deep trolls
  9 lindwurms
  A necromancer (D:13)
  6 wizards
  7 deep elf archers
  10 orc knights
  An obsidian statue (D:14)
  26 deep elf zephyrmancers
  4 bog bodies
  10 starcursed masses (Abyss:3)
  22 ugly things
  7 orc sorcerers
  A phantasmal warrior (Vaults:1)
  25 deep elf pyromancers
  4 will-o-the-wisps
  3 manticores
  2 cyclopes
  15 elephants
  A molten gargoyle (Desolation)
  5 guardian serpents (Desolation)
  11 vault sentinels
  A smoke demon (Abyss:3)
  A torpor snail (Lair:3)
  An ice statue (D:14)
  2 gargoyles
  A demonic crawler (Abyss:3)
  An apocalypse crab (Abyss:3)
  A black mamba (Lair:4)
  An orange demon (Swamp:4)
  12 cane toads
  3 rime drakes
  A kobold demonologist (D:12)
  Psyche (D:11)
  A freezing wraith (D:14)
  5 komodo dragons
  An unseen horror (D:12)
  39 yaktaurs
  A tengu conjurer (D:15)
  A merfolk (shapeshifter) (D:15)
  4 polar bears
  3 meliai (Gauntlet)
  An ancient zyme (Abyss:3)
  73 saltlings (Desolation)
  10 tyrant leeches
  11 hornets
  Prince Ribbit (D:8)
  A tarantella (Vaults:4)
  8 trolls
  2 wind drakes (Lair:5)
  Grinder (D:6)
  3 raiju (Abyss:3)
  17 blink frogs
  A snapping turtle (Lair:5)
  A jumping spider (Vaults:4)
  3 air elementals
  52 slime creatures
  A vampire (D:10)
  5 wraiths
  2 shadows
  A centaur simulacrum (D:14)
  49 yaks
  3 water elementals
  A hog (shapeshifter) (D:13)
  6 wyverns
  2 fire bats (Abyss:3)
  5 large abominations (Abyss:3)
  4 basilisks
  Eustachio (D:5)
  9 fire elementals
  3 neqoxecs
  3 steam dragons
  16 vampire mosquitoes
  2 chaos spawn
  20 swamp worms
  6 wargs
  4 nagas (Lair:2)
  An acid dragon (D:10)
  13 water moccasins
  A swamp drake (Swamp:1)
  31 orc warriors
  A black bear (D:8)
  8 ogres
  50 wolves
  A black bear (shapeshifter) (D:13)
  12 centaurs
  5 small abominations (Abyss:3)
  2 kobold brigands (D:9)
  A phantom (D:4)
  8 bullfrogs
  A gnoll sergeant (D:10)
  4 scorpions
  An earth elemental (Elf:2)
  6 wights
  11 killer bees
  6 electric eels
  4 howler monkeys
  A lava snake (D:15)
  8 hounds
  A gnoll bouda (D:5)
  2 iron imps (Abyss:3)
  3 jellies (Lair:5)
  27 orc priests
  3 sleepcaps
  2 iguanas
  22 orc wizards
  2 polar bear simulacra (D:13)
  A wolf simulacrum (D:13)
  2 yak simulacra
  6 adders
  11 gnolls
  A shadow imp (D:6)
  A white imp (Abyss:3)
  3 ufetubi
  A dart slug (D:1)
  3 worms
  79 orcs
  6 bats
  5 endoplasms
  3 giant cockroaches
  10 goblins
  10 hobgoblins
  4 jackals (D:3)
  16 kobolds
  5 quokkas
  13 ball pythons
  A frilled lizard (D:2)
  5 river rat simulacra (D:13)
  A plant (Elf:1)
1346 creatures vanquished.

Vanquished Creatures (collateral kills)
  A frost giant (Vaults:3)
  An ironbound preserver (Vaults:1)
  A great orb of eyes (Vaults:4)
  2 orc high priests (Orc:2)
  A swamp dragon (Swamp:1)
  2 orc knights
  A harpy (Vaults:1)
  An apocalypse crab (Abyss:3)
  2 smoke demons (Abyss:3)
  2 small abominations (Abyss:3)
  5 orc warriors (Orc:2)
  3 starcursed masses (Abyss:3)
  3 orc priests (Orc:2)
  4 orc wizards (Orc:2)
  8 orcs (Orc:2)
37 creatures vanquished.

Vanquished Creatures (others)
  A fenstrider witch (Swamp:4)
  An ogre mage (D:15)
  Sonja (Lair:1)
  A deep elf pyromancer (Swamp:4)
  3 bloated husks
  A small abomination (Abyss:3)
  A black bear (shapeshifter) (D:14)
  A ball lightning (Elf:3)
  28 foxfires
  23 fungi
  60 plants
  4 withered plants (Desolation)
125 creatures vanquished.

Grand Total: 1508 creatures vanquished

Notes
Turn   | Place    | Note
-------+----------+-------------------------------------------
     0 | D:1      | LLlMATKO the Minotaur Berserker began the quest for the
                  | Orb.
     0 | D:1      | Reached XP level 1. HP: 19/19 MP: 0/0
   110 | D:1      | Reached XP level 2. HP: 27/27 MP: 1/1
   540 | D:1      | Reached skill level 4 in Axes
   643 | D:1      | Found a faded altar of an unknown god.
   951 | D:2      | Reached XP level 3. HP: 33/33 MP: 2/2
  1500 | D:2      | Reached ** piety under Trog
  1880 | D:3      | Reached XP level 4. HP: 41/41 MP: 3/3
  2470 | D:4      | Noticed a phantom
  2480 | D:4      | Killed a phantom
  2481 | D:4      | Reached XP level 5. HP: 47/47 MP: 4/4
  2490 | D:4      | Reached skill level 5 in Fighting
  2531 | D:4      | Reached skill level 5 in Axes
  2673 | D:4      | Reached XP level 6. HP: 38/56 MP: 5/5
  3169 | D:4      | Found a sparkling altar of Nemelex Xobeh.
  3176 | D:4      | Found a glowing golden altar of the Shining One.
  3731 | D:4      | Reached *** piety under Trog
  3848 | D:5      | Entered Level 5 of the Dungeon
  3848 | D:5      | Noticed Eustachio
  3894 | D:5      | Killed Eustachio
  4350 | D:5      | Found Ami Oni's Book Boutique.
  4365 | D:5      | Reached skill level 5 in Armour
  4365 | D:5      | Reached XP level 7. HP: 30/62 MP: 6/6
  4487 | D:5      | Found Wubohots's Book Shoppe.
  4504 | D:5      | Reached skill level 6 in Axes
  4698 | D:5      | Found Akho Kio's Distillery.
  4902 | D:5      | Found Sagg's Weapon Shoppe.
  4909 | D:5      | Reached skill level 5 in Dodging
  5092 | D:5      | Found Sewesaun's Distillery.
  5454 | D:6      | Reached skill level 1 in Shields
  5455 | D:6      | Reached XP level 8. HP: 59/71 MP: 7/7
  5494 | D:6      | Noticed Grinder
  5506 | D:6      | Killed Grinder
  5545 | D:6      | Reached skill level 7 in Axes
  6162 | D:7      | Found a staircase to the Ecumenical Temple.
  6295 | D:7      | Found a transporter.
  6300 | D:7      | Found a transporter.
  6300 | D:7      | Noticed EnegeticOcto's ghost (novice MiFi)
  6301 | D:7      | Noticed a hornet
  6330 | D:7      | Noticed a queen bee
  6526 | D:7      | Reached XP level 9. HP: 55/80 MP: 8/8
  7097 | D:8      | Reached skill level 8 in Axes
  7559 | D:8      | Found Nuinau's Serpentskin Sales.
  7562 | D:8      | Reached **** piety under Trog
  7563 | D:8      | Reached skill level 5 in Shields
  8032 | D:8      | Noticed Prince Ribbit
  8038 | D:8      | Killed Prince Ribbit
  8361 | D:9      | Found a staircase to the Orcish Mines.
  8482 | D:9      | Reached XP level 10. HP: 58/90 MP: 9/9
  8485 | D:9      | Reached skill level 9 in Axes
  8848 | D:9      | Noticed an orc knight
  8856 | D:9      | Killed an orc knight
  8909 | D:9      | Noticed an orc knight
  8917 | D:9      | Noticed a fire crab
  8922 | D:9      | Killed an orc knight
  8924 | D:9      | Noticed a two-headed ogre
  8926 | D:9      | Killed a fire crab
  8927 | D:9      | Reached skill level 10 in Fighting
  8927 | D:9      | Reached skill level 10 in Axes
  8930 | D:9      | Killed a two-headed ogre
  8931 | D:9      | Reached XP level 11. HP: 65/100 MP: 10/10
  9725 | D:10     | Entered Level 10 of the Dungeon
  9805 | D:10     | Reached skill level 10 in Armour
 10159 | D:10     | Found a staircase to the Lair.
 11141 | D:11     | Identified 6 scrolls of acquirement
 11141 | D:11     | Acquired a manual of Axes
 11143 | D:11     | Acquired a manual of Dodging
 11235 | D:11     | Found a gate leading to a gauntlet.
 11244 | Gauntlet | Entered a Gauntlet
 11244 | Gauntlet | Found a transporter.
 11244 | Gauntlet | Found a transporter.
 11245 | Gauntlet | Noticed a sixfirhy
 11252 | Gauntlet | Found a transporter.
 11257 | Gauntlet | Found a transporter.
 11268 | Gauntlet | Found a transporter.
 11269 | Gauntlet | Found a transporter.
 11276 | Gauntlet | Found a transporter.
 11293 | Gauntlet | Found a transporter.
 11294 | Gauntlet | Noticed a death scarab
 11295 | Gauntlet | Noticed a death scarab
 11307 | Gauntlet | Found a transporter.
 11311 | Gauntlet | Found a transporter.
 11312 | Gauntlet | Found the amulet of Vitality {RegenMP++ Regen++}
 11320 | Gauntlet | Found a transporter.
 11323 | Gauntlet | Found a transporter.
 11369 | Gauntlet | Killed a sixfirhy
 11382 | Gauntlet | Identified the +7 great sword "Dimnee" {flame, Int+4}
 11429 | Gauntlet | Reached skill level 11 in Axes
 11495 | Gauntlet | Reached skill level 10 in Dodging
 11540 | Gauntlet | Noticed a minotaur
 11547 | Gauntlet | Killed a minotaur
 11651 | D:11     | Noticed a centaur warrior
 11657 | D:11     | Killed a centaur warrior
 11748 | D:11     | Noticed a two-headed ogre
 11753 | D:11     | Killed a two-headed ogre
 11754 | D:11     | Reached skill level 12 in Axes
 11770 | D:11     | Reached XP level 12. HP: 102/110 MP: 11/11
 11869 | D:11     | Noticed a two-headed ogre
 11876 | D:11     | Killed a two-headed ogre
 12064 | D:11     | Noticed Psyche
 12072 | D:11     | Killed Psyche
 12537 | D:11     | Acquired a manual of Axes
 12539 | D:11     | Acquired a manual of Fighting
 12541 | D:11     | Acquired the +18 Lear's hauberk
 12541 | D:11     | Found the +18 Lear's hauberk
 12568 | D:11     | Acquired a manual of Axes
 13113 | D:12     | Reached skill level 10 in Shields
 13277 | D:13     | Noticed a boulder beetle
 13295 | D:13     | Killed a boulder beetle
 13296 | D:13     | Reached skill level 13 in Axes
 13319 | D:13     | Noticed a centaur warrior
 13327 | D:13     | Killed a centaur warrior
 13632 | D:13     | Noticed a centaur warrior
 13637 | D:13     | Killed a centaur warrior
 13842 | D:13     | Reached skill level 14 in Axes
 14009 | D:14     | Noticed a centaur warrior
 14017 | D:14     | Killed a centaur warrior
 14018 | D:14     | Reached ***** piety under Trog
 14078 | D:14     | Noticed a centaur warrior
 14090 | D:14     | Killed a centaur warrior
 14091 | D:14     | Reached XP level 13. HP: 117/123 MP: 12/12
 14111 | D:14     | Acquired a manual of Dodging
 14175 | D:14     | Found a shimmering blue altar of Sif Muna.
 14241 | D:14     | Found a gate to the Vaults.
 14289 | D:14     | Noticed Louise
 14308 | D:14     | Killed Louise
 14571 | D:14     | Reached skill level 15 in Axes
 14810 | D:15     | Entered Level 15 of the Dungeon
 14959 | D:15     | Identified the ring "Tod Heag" {rPois Dex+3}
 14984 | D:15     | Reached skill level 15 in Fighting
 15165 | D:15     | Reached skill level 16 in Axes
 15169 | D:15     | Noticed a fire dragon
 15183 | D:15     | Killed a fire dragon
 15484 | D:15     | Reached XP level 14. HP: 135/136 MP: 13/13
 15491 | D:15     | Received a gift from Trog
 15502 | D:15     | Reached skill level 15 in Dodging
 15597 | D:15     | Found a staircase to the Depths.
 15942 | Lair:1   | Entered Level 1 of the Lair of Beasts
 15981 | Lair:1   | Noticed Sonja
 15995 | Lair:1   | Killed Sonja
 16433 | Lair:1   | Reached skill level 17 in Axes
 17296 | Lair:2   | Received a gift from Trog
 17451 | Lair:2   | Found a staircase to the Snake Pit.
 17556 | Lair:2   | Found a staircase to the Swamp.
 18009 | Lair:2   | Found a staircase to the Swamp.
 18278 | Lair:2   | Found a staircase to the Snake Pit.
 19332 | Lair:4   | Reached skill level 18 in Axes
 19467 | Lair:4   | Identified the +8 dagger "Puguumie" {heavy, Str+3 Int-4
                  | Dex+3}
 19759 | Lair:5   | Entered Level 5 of the Lair of Beasts
 19810 | Lair:5   | Reached XP level 15. HP: 148/148 MP: 14/14
 19929 | Lair:5   | Found a runed translucent door.
 19929 | Lair:5   | Found a viscous altar of Jiyva.
 19930 | Lair:5   | Found a staircase to the Slime Pits.
 20201 | Lair:5   | Reached ****** piety under Trog
 20201 | Lair:5   | Received a gift from Trog
 20212 | Lair:5   | Reached skill level 15 in Armour
 21226 | Lair:5   | Found a viscous altar of Jiyva.
 21227 | Lair:5   | Found a staircase to the Slime Pits.
 21695 | Orc:1    | Entered Level 1 of the Orcish Mines
 21912 | Orc:2    | Entered Level 2 of the Orcish Mines
 22099 | Orc:2    | Found a staircase to the Elven Halls.
 22678 | Orc:2    | Received a gift from Trog
 22913 | Orc:2    | Reached skill level 19 in Axes
 23299 | Orc:2    | Found Agaysh's Antique Armour Shop.
 23300 | Orc:2    | Found Pikkiv's Antique Weapon Shop.
 23302 | Orc:2    | Found Nercheded's General Store.
 23302 | Orc:2    | Found Syvum's Jewellery Boutique.
 23443 | Orc:2    | Found a staircase to the Elven Halls.
 23747 | Orc:2    | Found Nercheded's General Store.
 23748 | Orc:2    | Found Syvum's Jewellery Boutique.
 23750 | Orc:2    | Found Agaysh's Antique Armour Shop.
 23750 | Orc:2    | Found Pikkiv's Antique Weapon Shop.
 24064 | Swamp:1  | Entered Level 1 of the Swamp
 24547 | Swamp:1  | Received a gift from Trog
 25139 | Swamp:2  | Reached XP level 16. HP: 125/159 MP: 15/15
 25164 | Swamp:2  | Reached skill level 20 in Axes
 25164 | Swamp:2  | Reached skill level 15 in Shields
 26839 | Swamp:4  | Entered Level 4 of the Swamp
 26871 | Swamp:4  | Paralysed by a fenstrider witch for 2 turns
 27151 | Swamp:4  | Received a gift from Trog
 27358 | Swamp:4  | Noticed a tentacled monstrosity
 27375 | Swamp:4  | Killed a tentacled monstrosity
 27825 | Abyss:3  | Cast into level 3 of the Abyss (a wizard)
 27940 | Abyss:3  | Reached skill level 21 in Axes
 28031 | Abyss:3  | Noticed a lich
 28046 | Abyss:3  | Killed a lich
 28337 | Abyss:3  | Noticed an ancient lich
 28360 | Abyss:3  | Killed an ancient lich
 28367 | Swamp:4  | Escaped the Abyss
 28578 | Swamp:4  | Reached XP level 17. HP: 168/168 MP: 16/16
 28638 | Swamp:4  | Gained mutation: Your body sometimes deteriorates upon
                  | taking damage. [a neqoxec]
 28805 | Swamp:4  | Noticed a tentacled monstrosity
 28811 | Swamp:4  | Killed a tentacled monstrosity
 29272 | Swamp:4  | Got a decaying rune of Zot
 29293 | Swamp:4  | Noticed a tentacled monstrosity
 29303 | Swamp:4  | Killed a tentacled monstrosity
 29741 | Elf:1    | Entered Level 1 of the Elven Halls
 29782 | Elf:1    | Reached skill level 22 in Axes
 29879 | Elf:1    | Received a gift from Trog
 30300 | Elf:1    | You are sucked into a shaft and drop 1 floor!
 30623 | Elf:2    | Found Palusits's General Store.
 30624 | Elf:2    | Paralysed by an air elemental for 1 turns
 30679 | Elf:2    | Found Woybbet's Specific Store.
 30844 | Elf:2    | Received a gift from Trog
 30991 | Elf:2    | Found a huge runed translucent gate.
 30991 | Elf:2    | Found a huge runed translucent gate.
 31001 | Elf:2    | Found a huge runed translucent gate.
 31015 | Elf:2    | Found a huge runed translucent gate.
 31015 | Elf:2    | Found a huge runed translucent gate.
 31491 | Elf:1    | Paralysed by an air elemental for 1 turns
 31940 | Vaults:1 | Entered Level 1 of the Vaults
 32080 | Vaults:1 | Noticed Saint Roka
 32092 | Vaults:1 | Reached skill level 23 in Axes
 32098 | Vaults:1 | Killed Saint Roka
 32099 | Vaults:1 | Reached XP level 18. HP: 180/180 MP: 17/17
 32105 | Vaults:1 | Received a gift from Trog
 33160 | Vaults:1 | Found Imokisma's Assorted Antiques.
 33374 | Vaults:1 | Received a gift from Trog
 33756 | Vaults:1 | Found Baunwia's Armour Boutique.
 34015 | Vaults:2 | Identified the +10 great mace "Leviticus" {flame, *Corrode
                  | rPois rF+ Dex+3}
 34029 | Vaults:2 | Noticed Frederick
 34042 | Vaults:2 | Killed Frederick
 34043 | Vaults:2 | Reached skill level 24 in Axes
 34218 | Vaults:2 | Noticed Xtahua
 34235 | Vaults:2 | Paralysed by Xtahua for 2 turns
 34241 | Vaults:2 | Killed Xtahua
 34693 | Vaults:2 | Received a gift from Trog
 35212 | Vaults:2 | Noticed a bone dragon
 35214 | Vaults:2 | Found a staircase to the Crypt.
 35223 | Vaults:2 | Killed a bone dragon
 35349 | Vaults:2 | Reached XP level 19. HP: 189/189 MP: 18/18
 36007 | Vaults:2 | Found a staircase to the Crypt.
 36903 | Vaults:3 | Identified the +7 plate armour of Lethargy {Will- MP+9
                  | Slay+3}
 36939 | Vaults:3 | Found a crumbling gateway.
 36948 | Desolati | Entered the Desolation of Salt
 37205 | Desolati | Identified the ring "Meoge" {rC+ rN+ rCorr Dex-2}
 37350 | Desolati | Identified the +0 pair of gloves of the Snake Pit {Rampage
                  | +Blink Will+}
 37365 | Desolati | Identified the +7 spear of Licuarph {holy, Int+5}
 37432 | Desolati | Received a gift from Trog
 37560 | Desolati | Reached skill level 25 in Axes
 37685 | Desolati | Identified the +8 quarterstaff of Malaise {pain, Contam Fly
                  | rPois Str+3}
 38026 | Desolati | Identified the +4 broad axe "Wuikutey" {freeze, Str+2}
 38053 | Desolati | Identified the +1 scale mail "Cowirygo" {MP+9}
 38228 | Desolati | Identified the +2 war axe "Yguuf" {heavy, rF++ rN+ Str-3
                  | Stlth+} (Trog gifted it to you in the Desolation of Salt)
 38228 | Desolati | Received a gift from Trog
 40124 | Vaults:3 | Identified the +5 spear of the Warrior {heavy, rN+ Int+2
                  | Stlth+}
 40171 | Vaults:3 | Received a gift from Trog
 40567 | Vaults:3 | Reached XP level 20. HP: 200/200 MP: 19/19
 40902 | Vaults:3 | Noticed Boris
 40907 | Vaults:3 | Killed Boris
 42674 | Vaults:4 | Reached skill level 26 in Axes
 42982 | Vaults:4 | Received a gift from Trog
 43231 | Vaults:4 | Noticed Boris
 43244 | Vaults:4 | Killed Boris
 44031 | Vaults:4 | Noticed a golden dragon
 45546 | Elf:3    | Entered Level 3 of the Elven Halls
 45888 | Elf:3    | Noticed Zenata
 45929 | Elf:3    | HP: 9/202 [+0 flail of venom[Zenata] (8)]
 45931 | Elf:3    | HP: 4/202 [poisoned by a +0 flail of venom]
 45935 | Elf:3    | Slain by a +0 dire flail of protection

Illustrated notes

Levels and vault maps discovered:
D:1:      minmay_arrival_semitransparent, layout_basic,
          dreamdust_ecumenical_altar_angels_and_demons, nrook_mini_backslash,
          minivault_5, feat_on_display
D:2:      layout_loops_corners
D:3:      layout_rooms, minmay_misc_feat_hallway, minmay_diced_spiral
D:4:      layout_layer_cave, mainiacjoe_overflow_big_doors, minmay_puff
D:5:      layout_loops_ring, serial_shops, shop_fountains,
          nicolae_shop_waterfront, nicolae_lakefront_shop,
          nicolae_shop_advertising_works [nicolae_subvault_shop_adworks], shop,
          uniq_eustachio
D:6:      layout_basic, uniq_grinder
D:7:      layout_basic, minmay_temple_entry_stoned_glass, gammafunk_ghost_hive
D:8:      layout_basic, guppyfry_shop_venom, uniq_prince_ribbit1
D:9:      minmay_the_grid_3x2 [minmay_the_grid_doors, minmay_the_grid_eight,
          minmay_the_grid_outer_circle, minmay_the_grid_odd_star,
          minmay_the_grid_armoury, minmay_the_grid_prize_diamond_cup],
          layout_loops_cross, minivault_22
D:10:     layout_stronghold, erik_lair_island, hangedman_decor_points
D:11:     layout_loops_corners, gauntlet_entry_generic, uniq_psyche
D:12:     layout_roguey, minmay_misc_feat_rugged,
          nicolae_elevator_lobby_asterisk
D:13:     layout_loops_cross, eino_house_with_fridge
D:14:     layout_cave_pools, david_vaults_1, nicolae_sif_muna_condensation,
          minmay_more_statues, uniq_louise
D:15:     gammafunk_enter_depths_forms, layout_basic, nicolae_lava_and_water
Lair:1:   layout_cave_pods, grunt_megastairs_5, serial_bayou_shore_b, uniq_sonja
Lair:2:   wander_river, layout_cave_pods, skrybe_swamp_entry_bodies,
          minmay_snake_entry_guardpost_medium, grunt_forest_large_clearings,
          serial_bayou_shore_a
Lair:3:   layout_loops_ring, grunt_megastairs_3
Lair:4:   layout_gridlike, minivault_24
Lair:5:   gammafunk_lair_ancient_temple, layout_misc_corridors, slime_entry_2
Swamp:1:  layout_basic_swamp, evilmike_swamp_ruin_house_2, swamp_pool2,
          hangedman_swamp_wriggling, infiniplex_staircase_pool_2
Swamp:2:  layout_basic_swamp, nicolae_swamp_long_stream
Swamp:3:  layout_basic_swamp, evilmike_swamp_ruin_rubble_1,
          nicolae_swamp_little_swirl
Swamp:4:  nzn_swamp_witches_coven, layout_basic_swamp
Orc:1:    layout_diamond_mine
Orc:2:    st_orc_congregation, layout_diamond_mine
Elf:1:    elf_arrival_002, layout_geoelf_grid, minmay_elf_sorcery, fountainhead
Elf:2:    elven_hall_of_blades_hangedman_alternative
          [nicolae_blade_entry_pointy_end], layout_geoelf_grid,
          nicolae_specific_store
Elf:3:    minmay_elf_hall, layout_loops_corners, serial_aquarium,
          aquarium_bridge_square [aquarium_subvault_bridge,
          aquarium_subvault_bridge, aquarium_subvault_bridge,
          aquarium_subvault_bridge], aquarium_window_1, aquarium_window_corner,
          aquarium_window_fake, aquarium_view_2b, aquarium_pool_1,
          nicolae_elf_loose_elemental_storage, uniq_zenata
Vaults:1: v_misc_3, vaults_room_mumra_shop_pool, grunt_vaults_bifocal,
          v_pattern_1, ontoclasm_vaults_loading_screen,
          nicolae_vaults_tetromino_T_1, nicolae_vaults_shipping_containers_4,
          ontoclasm_vaults_twist, nicolae_vaults_tetromino_Z_1,
          nicolae_vaults_network_square, layout_vaults_omnicross, serial_shops,
          nicolae_shop_real_fake_doors, uniq_saint_roka
Vaults:2: nicolae_vaults_theta, minmay_crypt_entry_nasty_monster,
          nicolae_vaults_sightless_eye, nicolae_vaults_little_squares_4,
          hangedman_vaults_slice, v_misc_19, nicolae_vaults_little_ls,
          ontoclasm_vaults_decontamination, layout_vaults_quadrants,
          uniq_frederick, uniq_xtahua
Vaults:3: portal_desolation_entry_ruin, nicolae_vaults_octothorpe,
          hangedman_vaults_maws, ontoclasm_vaults_loading_screen,
          ontoclasm_vaults_loading_screen, nicolae_vaults_octagons,
          nicolae_vaults_little_squares_5, vaults_room_boxed,
          nicolae_vaults_rhombus_7, vaults_room_corners, nicolae_vaults_house_1,
          v_misc_1, layout_vaults_chaotic_city, uniq_boris
Vaults:4: nicolae_vaults_octothorpe, nicolae_vaults_network_quinsquares
          [nicolae_vaults_network_quincunx_subvault,
          nicolae_vaults_network_quincunx_subvault,
          nicolae_vaults_network_quincunx_subvault,
          nicolae_vaults_network_quincunx_subvault],
          nicolae_vaults_statue_guard, hangedman_vaults_stream,
          nicolae_vaults_layer_cake_slice, v_misc_4, v_misc_31,
          nicolae_vaults_more_shelving_1, vaults_room_grunt_arrival_checkpoint,
          nicolae_vaults_diamond_1, vaults_dpeg_encased_lava,
          nicolae_vaults_specimen_jars, layout_vaults_maze_bifur

Skill      XL: |  1  2  3  4  5  6  7  8  9 10 11 12 13 14 15 16 17 18 19 20 |
---------------+-------------------------------------------------------------+-----
Fighting       | 4 5 6 7 8 10 11 13 15 17 18 19 20 21 22 | 22.7
Axes           | 4 5 6 7 8 10 12 14 16 18 19 21 23 24 25 26 | 26.7
Armour         | 3 4 5 7 8 9 11 12 13 14 15 17 18 19 20 | 20.8
Dodging        | 3 4 5 6 7 8 10 12 14 16 18 19 21 22 23 | 23.3
Shields        | 1 3 5 7 9 10 12 13 14 16 17 18 19 20 | 20.1

Action                     |  1- 3 |  4- 6 |  7- 9 | 10-12 | 13-15 | 16-18 | 19-21 || total
---------------------------+-------+-------+-------+-------+-------+-------+-------++-------
  Melee: Hand axe          |    89 |   126 |    45 |       |       |       |       ||   260
         Headbutt          |    14 |    26 |    46 |   103 |   260 |   296 |   242 ||   987
         War axe           |       |       |   176 |   421 |   241 |       |   469 ||  1307
         Broad axe         |       |       |       |       |   842 |  1063 |   369 ||  2274
  Throw: Boomerang         |       |       |       |     1 |     8 |    50 |     2 ||    61
 Invoke: Berserk           |       |     5 |     3 |    15 |     8 |    13 |    10 ||    54
         Trog's Hand       |       |       |       |     2 |     1 |     6 |     4 ||    13
         Brothers in Arms  |       |       |       |       |     4 |     3 |     3 ||    10
  Evoke: Wand              |       |       |       |       |       |       |     1 ||     1
    Use: Scroll            |       |       |       |    28 |     5 |     3 |     4 ||    40
         Potion            |       |       |       |       |       |       |     1 ||     1
   Stab: Sleeping          |     1 |     1 |       |       |       |       |       ||     2
         Distracted        |       |       |       |       |     1 |     1 |       ||     2
 Armour: Animal skin       |    16 |    29 |       |       |       |       |       ||    45
         Scale mail        |       |     6 |    24 |       |       |       |       ||    30
         Chain mail        |       |       |    28 |    64 |   310 |   266 |   223 ||   891
         Plate armour      |       |       |    74 |   142 |       |       |       ||   216
  Dodge: Dodged            |    57 |    81 |   102 |   277 |   308 |   312 |   333 ||  1470
         Repelled          |       |       |       |       |     2 |    22 |     9 ||    33
  Block: Buckler           |       |       |    38 |   126 |     6 |       |       ||   170
         Tower shield      |       |       |       |       |   942 |   955 |   990 ||  2887
         Reflection        |       |       |       |       |    20 |    77 |    72 ||   169
